2949 views
Uploaded 2020-03-28 22:02:31
Game version 1.32.3
13:07 long 3on3 ladder game on (6)BloodstoneMesa_LV
Saved by iggythefisk
2949 views
Uploaded 2020-03-28 22:02:31
Game version 1.32.3
13:07 long 3on3 ladder game on (6)BloodstoneMesa_LV


68 units @ 4.8k
/ 0k
149 buildings @ 9.3k
/ 4.2k


| Staff of Sanctuary | 1 | 250 |
| Boots of Speed | 3 | 750 |
| Staff of Teleportation | 2 | 300 |
| Circlet of Nobility | 1 | 175 |
| total: | 7 | 1475g |
| Peasant | 22 | 1650 | / | 0 |
| total: | 22 | 1650g | / | 0w |
| Scout Tower | 67 | 2010 | / | 1340 |
| Arcane Tower | 4 | 280 | / | 200 |
| Guard Tower | 32 | 2240 | / | 1600 |
| Altar of Kings | 1 | 180 | / | 50 |
| Farm | 6 | 480 | / | 120 |
| Lumber Mill | 1 | 120 | / | 0 |
| Town Hall | 1 | 385 | / | 205 |
| Arcane Vault | 3 | 390 | / | 90 |
| Blacksmith | 1 | 140 | / | 60 |
| Barracks | 1 | 160 | / | 60 |
| Arcane Sanctum | 1 | 150 | / | 140 |
| Keep | 1 | 320 | / | 210 |
| Castle | 1 | 360 | / | 210 |
| total: | 82 | 4015g | / | 2065w |
| 0:02 | Peasant |
| 0:03 | Peasant |
| 0:05 | Altar of Kings |
| 0:10 | Farm |
| 0:15 | Peasant |
| 0:31 | Peasant |
| 0:32 | Peasant |
| 0:51 | Scout Tower |
| 0:52 | Peasant |
| 1:04 | Scout Tower |
| 1:09 | Farm |
| 1:11 | Farm |
| 1:13 | Peasant |
| 1:19 | Lumber Mill |
| 1:22 | Arcane Tower |
| 1:31 | Scout Tower |
| 1:33 | Arcane Tower |
| 1:43 | Scout Tower |
| 1:47 | Scout Tower |
| 1:48 | Peasant |
| 1:48 | Peasant |
| 1:55 | Peasant |
| 2:06 | Blizzard |
| 2:07 | Arcane Tower |
| 2:09 | Scout Tower |
| 2:17 | Peasant |
| 2:17 | Peasant |
| 2:20 | Arcane Tower |
| 2:25 | Scout Tower |
| 2:25 | Guard Tower |
| 2:35 | Scout Tower |
| 2:36 | Peasant |
| 2:37 | Peasant |
| 2:42 | Guard Tower |
| 2:47 | Scout Tower |
| 3:30 | Scout Tower |
| 3:32 | Scout Tower |
| 3:32 | Peasant |
| 3:33 | Peasant |
| 3:35 | Farm |
| 3:39 | Guard Tower |
| 3:40 | Scout Tower |
| 3:41 | Scout Tower |
| 3:44 | Guard Tower |
| 3:46 | Scout Tower |
| 3:48 | Keep |
| 3:51 | Boots of Speed |
| 3:56 | Staff of Teleportation |
| 4:08 | Guard Tower |
| 4:11 | Guard Tower |
| 4:14 | Scout Tower |
| 4:20 | Guard Tower |
| 4:43 | Guard Tower |
| 4:45 | Scout Tower |
| 4:46 | Scout Tower |
| 5:05 | Town Hall |
| 5:36 | Arcane Vault |
| 5:40 | Scout Tower |
| 5:42 | Guard Tower |
| 5:44 | Scout Tower |
| 5:48 | Guard Tower |
| 5:57 | Scout Tower |
| 6:01 | Scout Tower |
| 6:07 | Guard Tower |
| 6:09 | Scout Tower |
| 6:12 | Guard Tower |
| 6:14 | Scout Tower |
| 6:15 | Scout Tower |
| 6:53 | Guard Tower |
| 6:57 | Peasant |
| 7:11 | Guard Tower |
| 7:12 | Scout Tower |
| 7:13 | Scout Tower |
| 7:17 | Castle |
| 7:20 | Peasant |
| 7:20 | Peasant |
| 7:23 | Guard Tower |
| 7:28 | Scout Tower |
| 7:32 | Scout Tower |
| 7:35 | Guard Tower |
| 7:37 | Scout Tower |
| 7:37 | Scout Tower |
| 7:43 | Storm Bolt |
| 8:03 | Guard Tower |
| 8:05 | Scout Tower |
| 8:06 | Scout Tower |
| 8:07 | Guard Tower |
| 8:09 | Scout Tower |
| 8:10 | Scout Tower |
| 8:11 | Brilliance Aura |
| 8:18 | Boots of Speed |
| 8:18 | Circlet of Nobility |
| 8:28 | Arcane Sanctum |
| 8:30 | Improved Masonry |
| 8:32 | Farm |
| 8:33 | Farm |
| 8:36 | Guard Tower |
| 8:38 | Guard Tower |
| 8:45 | Scout Tower |
| 8:46 | Scout Tower |
| 8:48 | Guard Tower |
| 8:51 | Scout Tower |
| 8:52 | Scout Tower |
| 8:59 | Guard Tower |
| 9:02 | Scout Tower |
| 9:03 | Scout Tower |
| 9:23 | Guard Tower |
| 9:24 | Scout Tower |
| 9:25 | Scout Tower |
| 9:28 | Scout Tower |
| 9:29 | Scout Tower |
| 9:31 | Scout Tower |
| 9:33 | Scout Tower |
| 9:39 | Guard Tower |
| 9:41 | Scout Tower |
| 9:41 | Scout Tower |
| 9:42 | Scout Tower |
| 9:43 | Scout Tower |
| 9:50 | Peasant |
| 9:51 | Peasant |
| 9:51 | Peasant |
| 9:55 | Guard Tower |
| 10:13 | Guard Tower |
| 10:15 | Scout Tower |
| 10:16 | Scout Tower |
| 10:18 | Guard Tower |
| 10:19 | Improved Lumber Harvesting |
| 10:41 | Thunder Clap |
| 11:18 | Guard Tower |
| 11:24 | Guard Tower |
| 11:26 | Scout Tower |
| 11:27 | Scout Tower |
| 11:35 | Scout Tower |
| 11:47 | Guard Tower |
| 11:49 | Advanced Masonry |
| 11:50 | Magic Sentry |
| 11:52 | Blacksmith |
| 11:56 | Barracks |
| 12:02 | Boots of Speed |
| 12:02 | Staff of Teleportation |
| 12:07 | Guard Tower |
| 12:10 | Scout Tower |
| 12:11 | Scout Tower |
| 12:22 | Guard Tower |
| 12:24 | Scout Tower |
| 12:25 | Scout Tower |
| 12:25 | Scout Tower |
| 12:32 | Arcane Vault |
| 12:33 | Arcane Vault |
| 12:49 | Scout Tower |
| 12:50 | Scout Tower |
| 12:51 | Scout Tower |
| 12:51 | Scout Tower |
| 12:52 | Scout Tower |
| 12:52 | Scout Tower |
| 12:53 | Scout Tower |
| 13:02 | Staff of Sanctuary |
| Right click | 823 |
| Select group | 368 |
| Select | 239 |
| Build/train/purchase | 93 |
| Chat | 41 |
| Misc. action | 22 |
| Use ability | 14 |
| Assign group | 7 |
| Item give/drop | 2 |



| Boots of Speed | 2 | 500 |
| Circlet of Nobility | 1 | 175 |
| Staff of Teleportation | 2 | 300 |
| total: | 5 | 975g |
| Wisp | 23 | 1380 | / | 0 |
| total: | 23 | 1380g | / | 0w |
| Altar of Elders | 1 | 180 | / | 50 |
| Moon Well | 9 | 1620 | / | 360 |
| Hunter's Hall | 1 | 210 | / | 100 |
| Tree of Life | 2 | 680 | / | 370 |
| Ancient of Wonders | 1 | 90 | / | 30 |
| Tree of Ages | 1 | 320 | / | 180 |
| Tree of Eternity | 1 | 330 | / | 200 |
| total: | 14 | 2780g | / | 910w |
| 0:02 | Wisp |
| 0:04 | Altar of Elders |
| 0:10 | Wisp |
| 0:18 | Moon Well |
| 0:21 | Wisp |
| 0:28 | Wisp |
| 0:37 | Wisp |
| 0:54 | Wisp |
| 1:10 | Wisp |
| 1:15 | Wisp |
| 1:32 | Moon Well |
| 1:34 | Wisp |
| 2:01 | Wisp |
| 2:05 | Entangling Roots |
| 2:16 | Moon Well |
| 2:22 | Wisp |
| 2:22 | Wisp |
| 2:33 | Wisp |
| 2:46 | Wisp |
| 3:08 | Wisp |
| 3:21 | Moon Well |
| 3:36 | Wisp |
| 3:38 | Wisp |
| 4:36 | Tree of Ages |
| 4:52 | Moon Well |
| 5:14 | Boots of Speed |
| 5:40 | Boots of Speed |
| 5:40 | Circlet of Nobility |
| 5:53 | Moon Well |
| 6:59 | Staff of Teleportation |
| 7:03 | Tree of Eternity |
| 7:26 | Frost Arrows |
| 8:01 | Hunter's Hall |
| 8:14 | Staff of Teleportation |
| 9:04 | Thorns Aura |
| 9:30 | Well Spring |
| 9:31 | Wisp |
| 9:31 | Wisp |
| 9:50 | Tree of Life |
| 9:53 | Wisp |
| 10:08 | Wisp |
| 10:15 | Forked Lightning |
| 10:17 | Wisp |
| 10:53 | Wisp |
| 11:26 | Moon Well |
| 11:27 | Ultravision |
| 11:31 | Moon Well |
| 11:35 | Ancient of Wonders |
| 11:51 | Trueshot Aura |
| 12:26 | Moon Well |
| 12:30 | Tree of Life |
| 12:47 | Nature's Blessing |
| Right click | 837 |
| Assign group | 465 |
| Select group | 348 |
| Chat | 158 |
| Select | 136 |
| Resource trade | 133 |
| Build/train/purchase | 65 |
| Use ability | 23 |
| Misc. action | 12 |
| Item give/drop | 3 |
| Minimap ping | 1 |


| Scroll of Regeneration | 2 | 200 |
| Staff of Teleportation | 2 | 300 |
| Boots of Speed | 1 | 250 |
| Circlet of Nobility | 1 | 175 |
| Periapt of Vitality | 1 | 325 |
| total: | 7 | 1250g |
| Peasant | 23 | 1725 | / | 0 |
| total: | 23 | 1725g | / | 0w |
| Scout Tower | 45 | 1350 | / | 900 |
| Arcane Tower | 1 | 70 | / | 50 |
| Guard Tower | 22 | 1540 | / | 1100 |
| Altar of Kings | 1 | 180 | / | 50 |
| Farm | 3 | 240 | / | 60 |
| Lumber Mill | 1 | 120 | / | 0 |
| Arcane Vault | 2 | 260 | / | 60 |
| Town Hall | 1 | 385 | / | 205 |
| Keep | 1 | 320 | / | 210 |
| Castle | 1 | 360 | / | 210 |
| total: | 53 | 2535g | / | 1275w |
| 0:01 | Peasant |
| 0:05 | Altar of Kings |
| 0:13 | Peasant |
| 0:23 | Peasant |
| 0:33 | Farm |
| 0:38 | Peasant |
| 0:55 | Peasant |
| 1:16 | Lumber Mill |
| 1:17 | Peasant |
| 1:27 | Peasant |
| 1:37 | Farm |
| 1:39 | Peasant |
| 1:49 | Scout Tower |
| 1:52 | Peasant |
| 2:06 | Scout Tower |
| 2:09 | Peasant |
| 2:15 | Arcane Tower |
| 2:17 | Scout Tower |
| 2:34 | Peasant |
| 2:35 | Improved Masonry |
| 2:35 | Guard Tower |
| 2:37 | Scout Tower |
| 2:38 | Scout Tower |
| 2:50 | Guard Tower |
| 2:52 | Scout Tower |
| 2:53 | Scout Tower |
| 2:54 | Peasant |
| 3:07 | Guard Tower |
| 3:10 | Blizzard |
| 3:15 | Arcane Vault |
| 3:17 | Arcane Vault |
| 3:18 | Peasant |
| 3:21 | Peasant |
| 3:23 | Guard Tower |
| 3:24 | Farm |
| 3:32 | Guard Tower |
| 3:44 | Peasant |
| 4:16 | Peasant |
| 5:01 | Town Hall |
| 5:04 | Scout Tower |
| 5:05 | Scout Tower |
| 5:05 | Scout Tower |
| 5:15 | Peasant |
| 5:37 | Guard Tower |
| 5:38 | Scout Tower |
| 5:40 | Scout Tower |
| 5:41 | Scout Tower |
| 5:41 | Scout Tower |
| 5:44 | Brilliance Aura |
| 5:58 | Guard Tower |
| 6:11 | Scout Tower |
| 6:12 | Scout Tower |
| 6:14 | Scout Tower |
| 6:15 | Scout Tower |
| 6:16 | Scout Tower |
| 6:18 | Scout Tower |
| 6:18 | Scout Tower |
| 6:20 | Peasant |
| 6:22 | Guard Tower |
| 6:23 | Scout Tower |
| 6:36 | Guard Tower |
| 6:45 | Guard Tower |
| 6:52 | Scroll of Regeneration |
| 7:00 | Guard Tower |
| 7:03 | Guard Tower |
| 7:07 | Peasant |
| 7:21 | Guard Tower |
| 7:27 | Guard Tower |
| 7:43 | Keep |
| 7:49 | Blizzard |
| 8:12 | Peasant |
| 8:17 | Scout Tower |
| 8:17 | Scout Tower |
| 8:17 | Scout Tower |
| 8:18 | Scout Tower |
| 8:29 | Staff of Teleportation |
| 9:07 | Scout Tower |
| 9:08 | Scout Tower |
| 9:09 | Scout Tower |
| 9:10 | Scout Tower |
| 9:10 | Scout Tower |
| 9:41 | Scout Tower |
| 9:41 | Scout Tower |
| 9:42 | Scout Tower |
| 9:45 | Scout Tower |
| 9:49 | Peasant |
| 9:50 | Peasant |
| 10:12 | Guard Tower |
| 10:13 | Scout Tower |
| 10:13 | Scout Tower |
| 10:14 | Scout Tower |
| 10:37 | Guard Tower |
| 11:06 | Peasant |
| 11:08 | Castle |
| 11:31 | Advanced Masonry |
| 11:31 | Imbued Masonry |
| 11:35 | Scroll of Regeneration |
| 11:41 | Guard Tower |
| 11:44 | Scout Tower |
| 11:45 | Scout Tower |
| 11:45 | Scout Tower |
| 11:46 | Scout Tower |
| 11:50 | Storm Bolt |
| 12:09 | Scout Tower |
| 12:11 | Scout Tower |
| 12:12 | Scout Tower |
| 12:17 | Staff of Teleportation |
| 12:18 | Boots of Speed |
| 12:19 | Circlet of Nobility |
| 12:21 | Periapt of Vitality |
| 12:27 | Guard Tower |
| Right click | 703 |
| Select | 331 |
| Assign group | 188 |
| Select group | 167 |
| Build/train/purchase | 132 |
| Misc. action | 15 |
| Use ability | 12 |
| Chat | 10 |
| Minimap ping | 7 |
| Resource trade | 6 |
| Remove unit | 1 |
67 units @ 8.2k
/ 0.9k
43 buildings @ 6k
/ 2.3k


| Healing Salve | 1 | 100 |
| total: | 1 | 100g |
| Peon | 10 | 750 | / | 0 |
| Grunt | 1 | 200 | / | 0 |
| Troll Headhunter | 4 | 560 | / | 80 |
| Wind Rider | 5 | 1325 | / | 200 |
| total: | 20 | 2835g | / | 280w |
| Barracks | 2 | 360 | / | 100 |
| War Mill | 1 | 205 | / | 0 |
| Orc Burrow | 5 | 800 | / | 200 |
| Altar of Storms | 1 | 180 | / | 50 |
| Voodoo Lounge | 1 | 130 | / | 30 |
| Beastiary | 2 | 290 | / | 280 |
| Stronghold | 1 | 315 | / | 190 |
| total: | 12 | 1965g | / | 660w |
| 0:01 | Peon |
| 0:06 | Peon |
| 0:17 | Barracks |
| 0:23 | War Mill |
| 0:28 | Peon |
| 0:33 | Orc Burrow |
| 0:42 | Peon |
| 1:02 | Altar of Storms |
| 1:08 | Peon |
| 1:19 | Peon |
| 1:32 | Peon |
| 1:45 | Orc Burrow |
| 1:57 | Voodoo Lounge |
| 2:14 | Grunt |
| 2:27 | Troll Headhunter |
| 2:48 | Peon |
| 3:05 | Endurance Aura |
| 3:06 | Healing Salve |
| 3:07 | Peon |
| 3:19 | Troll Headhunter |
| 3:36 | Stronghold |
| 3:53 | Troll Headhunter |
| 4:53 | Orc Burrow |
| 5:02 | Troll Headhunter |
| 5:04 | Barracks |
| 6:07 | Beastiary |
| 6:08 | Beastiary |
| 6:59 | Peon |
| 7:01 | Feral Spirit |
| 7:18 | Wind Rider |
| 7:21 | Orc Burrow |
| 7:32 | Shockwave |
| 7:42 | Steel Ranged Weapons |
| 8:13 | Wind Rider |
| 8:18 | Orc Burrow |
| 8:43 | Chain Lighting |
| 9:16 | Wind Rider |
| 9:35 | Steel Armor |
| 10:08 | Wind Rider |
| 10:55 | Wind Rider |
| Right click | 715 |
| Select | 357 |
| Build/train/purchase | 37 |
| Use ability | 12 |
| Assign group | 5 |
| Misc. action | 5 |
| Select group | 4 |
| Minimap ping | 3 |

| Peasant | 9 | 675 | / | 0 |
| Footman | 7 | 945 | / | 0 |
| Mortar Team | 3 | 540 | / | 210 |
| total: | 19 | 2160g | / | 210w |
| Scout Tower | 2 | 60 | / | 40 |
| Arcane Tower | 1 | 70 | / | 50 |
| Altar of Kings | 1 | 180 | / | 50 |
| Farm | 10 | 800 | / | 200 |
| Barracks | 1 | 160 | / | 60 |
| Lumber Mill | 1 | 120 | / | 0 |
| Blacksmith | 1 | 140 | / | 60 |
| Workshop | 3 | 420 | / | 420 |
| Keep | 1 | 320 | / | 210 |
| Castle | 1 | 360 | / | 210 |
| total: | 19 | 1880g | / | 830w |
| 0:03 | Peasant |
| 0:03 | Peasant |
| 0:17 | Peasant |
| 0:21 | Altar of Kings |
| 0:36 | Farm |
| 0:48 | Barracks |
| 0:51 | Peasant |
| 0:58 | Peasant |
| 1:10 | Farm |
| 1:16 | Peasant |
| 1:29 | Peasant |
| 1:43 | Scout Tower |
| 1:48 | Peasant |
| 1:53 | Footman |
| 2:07 | Farm |
| 2:09 | Peasant |
| 2:18 | Lumber Mill |
| 2:23 | Arcane Tower |
| 2:26 | Footman |
| 2:30 | Blacksmith |
| 3:03 | Summon Water Elemental |
| 3:07 | Farm |
| 3:09 | Footman |
| 3:31 | Footman |
| 3:57 | Keep |
| 4:00 | Footman |
| 4:12 | Farm |
| 4:14 | Iron Plating |
| 4:40 | Improved Masonry |
| 4:47 | Footman |
| 4:51 | Farm |
| 4:56 | Footman |
| 5:28 | Defend |
| 6:24 | Workshop |
| 6:31 | Farm |
| 7:18 | Farm |
| 7:24 | Workshop |
| 7:28 | Workshop |
| 7:33 | Mortar Team |
| 7:36 | Castle |
| 8:19 | Farm |
| 8:21 | Mortar Team |
| 8:42 | Brilliance Aura |
| 9:01 | Farm |
| 9:10 | Mortar Team |
| 9:48 | Scout Tower |
| 9:50 | Flare |
| 10:39 | Summon Water Elemental |
| Right click | 597 |
| Select | 115 |
| Build/train/purchase | 39 |
| Chat | 39 |
| Assign group | 11 |
| Misc. action | 4 |
| Select group | 2 |
| Minimap ping | 1 |

| Healing Salve | 1 | 100 |
| Scroll of Speed | 2 | 100 |
| total: | 3 | 200g |
| Peon | 13 | 975 | / | 0 |
| Troll Headhunter | 10 | 1400 | / | 200 |
| Troll Batrider | 5 | 800 | / | 200 |
| total: | 28 | 3175g | / | 400w |
| Orc Burrow | 5 | 800 | / | 200 |
| Altar of Storms | 1 | 180 | / | 50 |
| War Mill | 1 | 205 | / | 0 |
| Barracks | 1 | 180 | / | 50 |
| Voodoo Lounge | 1 | 130 | / | 30 |
| Great Hall | 1 | 385 | / | 185 |
| Beastiary | 2 | 290 | / | 280 |
| Stronghold | 1 | 315 | / | 190 |
| Fortress | 2 | 650 | / | 380 |
| total: | 12 | 2170g | / | 795w |
| 0:04 | Orc Burrow |
| 0:05 | Peon |
| 0:05 | Peon |
| 0:09 | Altar of Storms |
| 0:35 | War Mill |
| 0:47 | Peon |
| 1:10 | Barracks |
| 1:28 | Peon |
| 1:28 | Peon |
| 1:46 | Peon |
| 2:00 | Orc Burrow |
| 2:13 | Feral Spirit |
| 2:18 | Troll Headhunter |
| 2:18 | Troll Headhunter |
| 2:39 | Troll Headhunter |
| 3:28 | Troll Headhunter |
| 3:31 | Orc Burrow |
| 3:40 | Troll Headhunter |
| 3:46 | Voodoo Lounge |
| 3:52 | Troll Headhunter |
| 4:12 | Steel Ranged Weapons |
| 4:40 | Troll Headhunter |
| 4:40 | Troll Headhunter |
| 4:57 | Troll Headhunter |
| 5:11 | Healing Salve |
| 5:12 | Scroll of Speed |
| 5:12 | Scroll of Speed |
| 5:20 | Troll Headhunter |
| 6:07 | Stronghold |
| 6:48 | Chain Lighting |
| 7:06 | Chain Lighting |
| 7:19 | Orc Burrow |
| 7:20 | Orc Burrow |
| 7:24 | Great Hall |
| 7:47 | Steel Armor |
| 8:29 | Beastiary |
| 8:31 | Beastiary |
| 8:57 | Peon |
| 8:57 | Peon |
| 8:58 | Peon |
| 9:36 | Troll Batrider |
| 10:25 | Feral Spirit |
| 10:35 | Peon |
| 10:36 | Peon |
| 10:36 | Peon |
| 10:36 | Peon |
| 10:39 | Troll Batrider |
| 10:41 | Troll Batrider |
| 11:10 | Troll Batrider |
| 11:11 | Fortress |
| 11:44 | Troll Batrider |
| 12:12 | Steel Melee Weapons |
| 12:14 | Thorium Ranged Weapons |
| Right click | 487 |
| Select | 138 |
| Chat | 100 |
| Build/train/purchase | 47 |
| Select group | 12 |
| Use ability | 8 |
| Assign group | 2 |
| Minimap ping | 2 |
| Misc. action | 1 |
| Remove unit | 1 |
⇛